 Dungeon Crawl Stone Soup version 0.31-a0-1178-gc5c9b8f (webtiles) character file.

Game seed: 3968810134243852078

45 sniak the Changeling (level 3, -3/27 HPs)
             Began as a Human Shapeshifter on Dec 11, 2023.
             Slain by a gnoll
             ... wielding a +0 flail
              (12 damage)
             ... on level 2 of the Dungeon.
             The game lasted 00:01:12 (843 turns).

sniak the Changeling (Human Shapeshifter)            Turns: 843, Time: 00:01:13

Health: -3/27      AC:  2    Str: 16    XL:     3   Next: 90%
Magic:  3/3        EV: 12    Int: 10    God:
Gold:   91         SH:  0    Dex: 12    Spells: 2/2 levels left

rFire   . .          .
                       - Unarmed
rCold   . . .        (no shield)
rNeg    . . .        a - +0 animal skin
rPois   .            (helmet currently unavailable)
rElec   .            (cloak currently unavailable)
rCorr   .            (gloves currently unavailable)
SInv    .            (boots currently unavailable)
Will    .....        (no amulet)
Stlth   ++           (no ring)
HPRegen 0.24/turn    (no ring)
MPRegen 0.08/turn

%: no passive effects
@: beast-form
A: beast (slay +2)
a: Begin Untransformation


You were on level 2 of the Dungeon.
You were a hulking beast.
You visited 1 branch of the dungeon, and saw 2 of its levels.

You collected 91 gold pieces.

Inventory:

Missiles
 b - 4 poisoned darts
Armour
 a - a +0 animal skin (worn)
Talismans
 c - a beast talisman
 d - a flux talisman
Potions
 e - a potion of attraction {unknown}


   Skills:
 + Level 2.2 Fighting
 - Level 2.0 Dodging
 + Level 1.3 Stealth
 - Level 3.0 Unarmed Combat
 + Level 3.5 Shapeshifting


You had 2 spell levels left.
You didn't know any spells.
Your spell library was empty.

Dungeon Overview and Level Annotations

Branches:
Dungeon (2/15)

Altars:

Shops:
D:1 [=


Message History

Found a stone staircase leading up.
A rat comes into view.
A rat is nearby!
A rat is nearby!
The rat squeaks loudly.
You hit the rat but do no damage. The rat bites you but does no damage.
You closely miss the rat. The rat closely misses you.
You hit the rat.
You kill the rat!
No target in view!
No target in view!
No target in view!
No target in view!
No target in view!
No target in view!
No target in view!
You now have 91 gold pieces (gained 11).
A gnoll comes into view. It is wielding a +0 whip.
A gnoll is nearby!
A gnoll is nearby! 2 gnolls come into view.
The gnoll shouts!
The gnoll moves out of view. x2
A gnoll comes into view. It is wielding a +0 club.
The gnoll shouts! x2
You hit the gnoll.
The gnoll is moderately wounded.
The gnoll hits you with a +0 whip!
You take 8 damage, and have 19/27 hp.
MASSIVE DAMAGE!!
You barely miss the gnoll.
The gnoll is moderately wounded.
The gnoll hits you but does no damage. The gnoll barely misses you.
You hit the gnoll.
The gnoll is severely wounded.
The gnoll hits you with a +0 whip. The gnoll misses you.
You take 4 damage, and have 15/27 hp.
You hit the gnoll.
You kill the gnoll!
The gnoll hits you from afar with a +0 spear.
* * * LOW HITPOINT WARNING * * *
The gnoll hits you with a +0 flail.
* * * LOW HITPOINT WARNING * * *
You see here a +0 whip.
You take 11 damage, and have 5/27 hp.
MASSIVE DAMAGE!!
The gnoll attacks as it pursues you!
The gnoll hits you from afar with a +0 spear.
* * * LOW HITPOINT WARNING * * *
You take 4 damage, and have 1/27 hp.
You feel better. The gnoll hits you with a +0 flail!
You die...

# #..#
#.##### # #..
#. #.....# #
#. ###.### #
.# # #. #.# #
(..#.#. #.# #
.....#. #.# #
.#..... #.# #
......g####.#
#
......ggh...#
#
##.##########


You could see 3 gnolls.

Vanquished Creatures
  A gnoll (D:2)
  An adder (D:2)
  2 dart slugs (D:1)
  2 ball pythons (D:2)
  2 bats (D:1)
  An endoplasm (D:1)
  2 giant cockroaches
  2 hobgoblins (D:1)
  2 kobolds
  A quokka (D:1)
  2 frilled lizards (D:1)
  A goblin (D:1)
  5 rats
24 creatures vanquished.

Notes
Turn   | Place    | Note
-------+----------+-------------------------------------------
     0 | D:1      | sniak the Human Shapeshifter began the quest for the Orb.
     0 | D:1      | Reached XP level 1. HP: 15/15 MP: 1/1
   230 | D:1      | Found Zido Ite's Jewellery Emporium.
   249 | D:1      | Reached XP level 2. HP: 19/21 MP: 2/2
   470 | D:1      | Found Pibbar's Armour Shop.
   525 | D:1      | Reached XP level 3. HP: 27/27 MP: 3/3
   764 | D:2      | Reached skill level 1 in Stealth
   842 | D:2      | HP: 1/27 [gnoll/+0 spear (4)]
   843 | D:2      | Slain by a gnoll

Illustrated notes

Levels and vault maps discovered:
D:1:      dpeg_arrival_tiny_e, layout_rooms, serial_shops, shop,
          nicolae_shop_temple_entry_statues_fountains
D:2:      layout_basic

Skill      XL: |  1  2  3 |
---------------+----------+-----
Fighting       | 2 |  2.2
Stealth        | 1 |  1.3
Dodging        | |  2.0
Unarmed Combat | |  3.0
Shapeshifting  | |  3.5

Action                     || total
---------------------------++-------
  Melee: Unarmed           ||    75
         Punch             ||     1
    Use: Potion            ||     3
 Armour: Animal skin       ||    45
         Skin              ||     5
  Dodge: Dodged            ||    30

Table legend: (Time is in decaauts)
 A = Elapsed time spent in this place.
 B = Non-inter-level travel time spent in this place.
 C = Inter-level travel time spent in this place.
 D = Time resting spent in this place.
 E = Time spent auto-exploring this place.
 F = Levels seen in this place.
 G = Mean time per level.
                   A        B        C        D        E       F      G
               +--------+--------+--------+--------+--------+-----+--------+
         Total |    839 |    831 |      8 |    221 |    451 |   2 |  419.5 |
       Dungeon |    839 |    831 |      8 |    221 |    451 |   2 |  419.5 |
               +--------+--------+--------+--------+--------+-----+--------+

Top non-repeatable levels by time:
     D:1: 569 daAuts
     D:2: 269 daAuts
